[ AOE2 MATCH · #476073008 ]
UnrankedPersians vs Huns
[ REPLAY ANALYSIS · EXTRACTED FROM THE RECORDED GAME ]
Feudal
—
Castle
—
Imperial
—
| APM avg | 13.7 |
| APM peak | 20 |
| eAPM avg | 12.6 |
| Villagers / military | 9 / 0 |
Focus
⚔️ 20.0% · 🌾 80.0%
Feudal
—
Castle
—
Imperial
—
| APM avg | 12.6 |
| APM peak | 19 |
| eAPM avg | 11.5 |
| Villagers / military | 20 / 0 |
Focus
⚔️ 18.8% · 🌾 81.2%
Feudal
—
Castle
—
Imperial
—
| APM avg | 6.9 |
| APM peak | 11 |
| eAPM avg | 6.9 |
| Villagers / military | 10 / 0 |
Focus
⚔️ 0.0% · 🌾 100.0%
Feudal
—
Castle
—
Imperial
—
| APM avg | 4.6 |
| APM peak | 8 |
| eAPM avg | 2.9 |
| Villagers / military | 0 / 0 |
Focus
⚔️ 0.0% · 🌾 100.0%
Feudal
—
Castle
—
Imperial
—
| APM avg | 14.3 |
| APM peak | 24 |
| eAPM avg | 7.4 |
| Villagers / military | 4 / 0 |
Focus
⚔️ 0.0% · 🌾 100.0%
Feudal
—
Castle
—
Imperial
—
| APM avg | 22.9 |
| APM peak | 38 |
| eAPM avg | 18.3 |
| Villagers / military | 16 / 0 |
Focus
⚔️ 0.0% · 🌾 100.0%
Feudal
—
Castle
—
Imperial
—
| APM avg | 16.0 |
| APM peak | 27 |
| eAPM avg | 10.9 |
| Villagers / military | 8 / 0 |
Focus
⚔️ 0.0% · 🌾 100.0%
Feudal
—
Castle
—
Imperial
—
| APM avg | 19.5 |
| APM peak | 22 |
| eAPM avg | 16.6 |
| Villagers / military | 10 / 10 |
Focus
⚔️ 40.9% · 🌾 59.1%
Knight ×10
Match map
Initial resources + every placement click. Lines = walls · curves = elevation contours. ◆ gold · ⬟ stone · ● berries · ✦ relic · ◌ wall gap
Your base
JOHN KONNOR4026's base
corsac esp's base
Durruti's base
sevenKiller's base
leventcevahir09's base
Tucumano's base
neferiyann66's base
Smoothed initial terrain · ◌ = detected wall gap · hover for details
Inputs per minute
— spacehunter - - JOHN KONNOR4026
Build order — spacehunter
14 actions detected in the replay
| 0:16 | Build | House |
| 0:17 | Create | Villager (Male) |
| 0:17 | Create | Villager (Male) |
| 0:17 | Create | Villager (Male) |
| 0:18 | Create | Villager (Male) |
| 0:18 | Create | Villager (Male) |
| 0:18 | Create | Villager (Male) |
| 0:35 | Create | Villager (Male) |
| 0:35 | Create | Villager (Male) |
| 0:35 | Create | Villager (Male) |
| 0:38 | Build | House |
| 1:02 | Build | Archery Range |
| 1:03 | Build | Archery Range |
| 1:05 | Build | Archery Range |
Build order — JOHN KONNOR4026
15 actions detected in the replay
| 0:19 | Build | Stone Wall |
| 0:34 | Build | House |
| 0:35 | Build | House |
| 0:37 | Build | House |
| 0:37 | Build | House |
| 0:38 | Build | House |
| 0:39 | Build | House |
| 0:39 | Build | House |
| 0:40 | Build | House |
| 0:46 | Create | Villager (Male) ×5 |
| 0:46 | Create | Villager (Male) ×5 |
| 0:46 | Create | Villager (Male) ×5 |
| 0:47 | Create | Villager (Male) ×5 |
| 1:11 | Build | Gate |
| 1:27 | Build | Stone Wall |
Build order — corsac esp
5 actions detected in the replay
| 0:20 | Create | Villager (Male) ×5 |
| 0:20 | Create | Villager (Male) ×5 |
| 0:28 | Build | Mining Camp |
| 0:37 | Build | Lumber Camp |
| 0:45 | Build | Mining Camp |
Build order — Durruti
2 actions detected in the replay
| 0:23 | Build | House |
| 0:23 | Build | House |
Build order — sevenKiller
8 actions detected in the replay
| 0:02 | Create | Villager (Male) |
| 0:03 | Create | Villager (Male) |
| 0:03 | Create | Villager (Male) |
| 0:03 | Create | Villager (Male) |
| 0:05 | Build | House |
| 0:07 | Build | House |
| 0:38 | Build | Town Center |
| 0:49 | Build | Town Center |
Build order — leventcevahir09
20 actions detected in the replay
| 0:03 | Create | Villager (Male) |
| 0:03 | Create | Villager (Male) |
| 0:04 | Create | Villager (Male) |
| 0:04 | Create | Villager (Male) |
| 0:04 | Create | Villager (Male) |
| 0:04 | Create | Villager (Male) |
| 0:06 | Build | House |
| 0:09 | Build | House |
| 0:25 | Create | Villager (Male) |
| 0:25 | Create | Villager (Male) |
| 0:26 | Create | Villager (Male) |
| 0:26 | Create | Villager (Male) |
| 0:27 | Create | Villager (Male) |
| 0:28 | Create | Villager (Male) |
| 0:28 | Create | Villager (Male) |
| 0:29 | Create | Villager (Male) |
| 0:32 | Build | Town Center |
| 0:40 | Build | Town Center |
| 0:47 | Create | Villager (Male) |
| 0:47 | Create | Villager (Male) |
Build order — Tucumano
11 actions detected in the replay
| 0:01 | Create | Villager (Male) |
| 0:01 | Create | Villager (Male) |
| 0:03 | Build | House |
| 0:05 | Build | House |
| 0:27 | Build | Town Center |
| 0:37 | Create | Villager (Male) |
| 0:38 | Create | Villager (Male) |
| 0:38 | Create | Villager (Male) |
| 0:38 | Create | Villager (Male) |
| 0:56 | Create | Villager (Male) |
| 0:56 | Create | Villager (Male) |
Build order — neferiyann66
18 actions detected in the replay
| 0:03 | Create | Villager (Male) ×5 |
| 0:09 | Build | House |
| 0:10 | Build | House |
| 0:18 | Build | Castle |
| 0:41 | Create | Villager (Male) ×5 |
| 0:50 | Build | Stable |
| 0:51 | Build | Stable |
| 0:51 | Build | Stable |
| 1:00 | Build | House |
| 1:01 | Build | House |
| 1:03 | Build | House |
| 1:04 | Build | House |
| 1:05 | Build | House |
| 1:22 | Build | Barracks |
| 1:23 | Build | Barracks |
| 1:30 | Build | Castle |
| 1:40 | Create | Knight ×5 |
| 1:40 | Create | Knight ×5 |
Match timeline
| 0:18 | neferiyann66 · first_building Castle |
| 0:19 | JOHN KONNOR4026 · wall_segment Stone Wall x21 |
| 0:39 | Durruti · resign |
| 0:50 | neferiyann66 · first_building Stable |
| 1:02 | spacehunter · first_building Archery Range |
| 1:22 | neferiyann66 · first_building Barracks |
| 1:27 | JOHN KONNOR4026 · wall_segment Stone Wall x20 |
[ AI ANALYSIS · 1 CREDIT ]
What really happened in this match?
Wolo.gg analyzes every decision: build order, eco, micro, common mistakes by bracket. Personalized analysis on WhatsApp or Discord in 30 seconds.
Civ guide
Persians
Perfil
Jugador #2051408